Map: Port Aleksander LE

Players

MaNa - Winner!

  • Race: Protoss Protoss
  • Spawn Location: 11:00

Snute

  • Race: Zerg Zerg
  • Spawn Location: 5:00

Event: 2019 WCS Spring

VOD

Have the link to the VOD?

Description

Time

  • Played on: May 17, 2019, 12:51 p.m.
  • Length: 7:12

All games in this series

Show
View Real Time Build Order
Export as new Build Order

MaNa Protoss - Winner!

Build Orders: 1 Gate Expand, Oracle Opening, Phoenix Opening, Zealot Archon, Archon Drop 

Get SALT Encoding   

  12  0:00  Probe  
  13  0:12  Probe  
  14  0:19  Pylon  
  14  0:24  Probe  
  15  0:33  Probe  
  15  0:41  Probe  
  16  0:44  Gateway  
  16  0:48  Assimilator  
  17  0:51  Probe  
  18  1:00  Probe  
  19  1:08  Probe  
  20  1:26  Nexus  
  20  1:36  Cybernetics Core  
  20  1:39  Probe  
  21  1:47  Assimilator  
  21  1:51  Probe  
  22  1:57  Pylon  
  22  2:03  Probe  
  22  2:05  Adept  
  25  2:16  Probe  
  25  2:19  Stargate  
  26  2:27  Warp Gate  
  26  2:28  Probe  
  27  2:35  Adept  
  29  2:39  Probe  
  29  2:40  Probe  
  31  2:51  Probe  
  31  2:52  Probe  
  31  2:55  Phoenix  
  33  3:04  Probe x2  
  37  3:14  Probe  
  37  3:16  Probe  
  37  3:18  Oracle  
  37  3:19  Pylon  
  39  3:22  Probe  
  43  3:28  Probe  
  43  3:32  Probe  
  44  3:35  Gateway  
  44  3:40  Assimilator, Probe  
  46  3:42  Assimilator  
  46  3:45  Probe, Robotics Facility  
  47  3:52  Probe  
  47  3:55  Probe, Pylon  
  49  4:04  Probe  
  49  4:08  Probe, Twilight Council  
  51  4:16  Adept  
  51  4:17  Probe  
  54  4:20  Pylon  
  54  4:22  Warp Prism  
  54  4:26  Probe  
  54  4:29  Probe, Pylon  
  58  4:39  Gateway  
  58  4:40  Gateway  
  58  4:45  Templar Archives  
  58  4:50  Charge  
  58  5:02  Gateway  
  58  5:03  Gateway  
  58  5:10  Zealot x2  
  60  5:34  Nexus, High Templar x2  
  60  5:35  High Templar x2  
  68  5:37  Pylon  
  68  5:39  Archon  
  68  5:40  Pylon, Archon  
  68  5:48  Observer, Pylon  
  69  5:50  Pylon  
  69  5:51  Probe x2  
  71  5:59  Zealot  
  71  6:00  Zealot  
  75  6:04  Pylon  
  75  6:10  Zealot x4  
  81  6:21  Probe x2  
  81  6:22  Zealot x2  
  87  6:37  High Templar x4  
  95  6:41  Archon x2  
  95  6:42  Probe x2  
  95  6:44  Zealot  
  95  6:45  Zealot  
  97  7:05  Zealot x3  
  102  7:10  Zealot x3  
Show
View Real Time Build Order
Export as new Build Order

Snute Zerg 

Build Orders: Hatch First 

Get SALT Encoding   

  12  0:00  Drone  
  13  0:12  Overlord  
  13  0:17  Drone  
  14  0:30  Drone  
  15  0:45  Hatchery  
  15  0:49  Drone  
  15  0:53  Drone  
  15  0:56  Drone  
  17  1:00  Drone  
  17  1:03  Extractor  
  17  1:17  Spawning Pool  
  16  1:20  Drone  
  16  1:23  Drone  
  18  1:32  Drone  
  19  1:42  Overlord  
  19  1:53  Drone  
  20  1:58  Drone  
  21  2:04  Queen x2  
  25  2:10  Metabolic Boost  
  25  2:13  Drone  
  26  2:16  Drone  
  26  2:18  Zergling x2  
  26  2:21  Zergling x2  
  29  2:26  Zergling x2  
  30  2:30  Drone  
  30  2:36  Drone  
  32  2:44  Overlord  
  32  2:49  Drone  
  32  2:50  Hatchery  
  32  2:53  Drone  
  33  2:59  Queen  
  33  3:05  Drone x2  
  36  3:08  Drone  
  36  3:12  Drone  
  39  3:13  Drone x2  
  39  3:14  Drone  
  39  3:17  Drone  
  43  3:20  Spore Crawler  
  43  3:22  Spore Crawler  
  43  3:26  Overlord  
  41  3:30  Drone x2  
  41  3:33  Drone  
  44  3:36  Overlord  
  44  3:39  Overlord  
  44  3:49  Overlord  
  44  3:54  Drone  
  44  3:55  Queen, Drone x2  
  50  4:02  Drone  
  50  4:03  Drone  
  50  4:05  Drone  
  50  4:07  Spore Crawler  
  50  4:08  Drone  
  52  4:13  Drone  
  53  4:18  Extractor, Drone x4  
  53  4:22  Drone x3  
  53  4:23  Drone  
  60  4:25  Drone  
  60  4:29  Zergling x2, Baneling Nest  
  60  4:39  Zergling x8  
  60  4:40  Drone x2  
  60  4:43  Drone  
  67  4:47  Zergling x2  
  67  4:48  Zergling x4  
  70  4:55  Overlord  
  70  4:57  Overlord  
  70  4:58  Zergling x2  
  70  5:04  Zergling x4  
  70  5:11  Overlord  
  70  5:13  Lair  
  70  5:14  Extractor  
  70  5:16  Evolution Chamber, Zergling x10  
  70  5:17  Zergling x4  
  74  5:22  Overlord  
  74  5:25  Baneling x6  
  74  5:27  Drone x3  
  76  5:36  Overlord  
  76  5:37  Drone x2  
  76  5:40  Hatchery  
  76  5:41  Drone x3  
  80  5:43  Drone x3  
  80  5:49  Overlord  
  83  5:50  Drone  
  83  5:53  Overlord  
  84  6:00  Zergling x8  
  84  6:03  Overlord  
  82  6:06  Extractor  
  82  6:09  Overlord  
  77  6:16  Zergling x14  
  77  6:17  Hydralisk Den  
  77  6:19  Overlord  
  77  6:21  Drone  
  77  6:24  Drone  
  77  6:25  Queen  
  73  6:27  Drone x2  
  73  6:29  Drone  
  74  6:39  Baneling x9  
  74  6:42  Zergling x10  
Tags
 
Add a new tag
Caveats
  • Supply blocks, unpowered buildings, or Contaminate may cause inaccurate times.
  • Supply counts are checked every 10 seconds.